 Dungeon Crawl Stone Soup version 0.27.0-1-g7a089689b8 (webtiles) character file.

Game seed: 14352237491410762448

85556 Spectrina the Zephyrmancer (level 15, -1/96 HPs)
             Began as a Palentonga Conjurer on July 31, 2021.
             Was the Champion of the Shining One.
             Killed by an exploding ball lightning (6 damage)
             ... on level 1 of the Snake Pit.
             The game lasted 03:52:22 (12782 turns).

Spectrina the Zephyrmancer (Palentonga Conjurer)   Turns: 12782, Time: 03:52:22

Health: -1/96      AC: 16    Str: 12    XL:     15   Next: 38%
Magic:  11/38      EV:  8    Int: 24    God:    the Shining One [******]
Gold:   212        SH: 12    Dex:  5    Spells: 6/34 levels left

rFire    . . .     SeeInvis +   a - staff of air
rCold    + + +     Faith    .   F - +2 buckler
rNeg     + + +     Spirit   .   d - +1 ring mail of True Grit {Rampage rC+++ Regen+ Slay-3}
rPois    .         Reflect  +   o - +0 helmet
rElec    +         Harm     +   M - +0 cloak {Stlth+}
rCorr    .         Rampage  +   q - +0 pair of gloves
Will     ++...                  (no barding)
Stlth    +.........             E - amulet "Poixemm" {Reflect Harm Regen+ Dex-3 SH+5 SInv}
HPRegen  2.26/turn              X - ring "Nuto" {Will+ MP+9 SInv}
MPRegen  0.26/turn              m - ring of wizardry

@: lethally poisoned (-1 -> -1), glowing, studying Conjurations, curled up
A: large, rugged brown scales 3, see invisible, deformed body, roll 1, armoured
tail, reflexive curl
a: Rolling Charge, Renounce Religion, Divine Shield, Cleansing Flame, Summon
Divine Warrior


You were on level 1 of the Snake Pit.
You worshipped the Shining One.
The Shining One was exalted by your worship.
You visited 6 branches of the dungeon, and saw 25 of its levels.
You also visited: Bailey and Gauntlet.

You collected 3571 gold pieces.
You spent 3359 gold pieces at shops.

Inventory:

Hand Weapons
 b - a +6 trishula of holy wrath
 e - the +9 staff of Wucad Mu {*channel}
   (You acquired it on level 1 of the Orcish Mines)

   It occasionally powers its wielder's spells, but with a chance of causing
   confusion or draining the wielder's intelligence.
   It becomes more likely to activate and less likely to backfire with increased
   Evocations skill.
Missiles
 t - 2 throwing nets (quivered)
Armour
 d - the +1 ring mail of True Grit (worn) {Rampage rC+++ Regen+ Slay-3}
   (You found it on level 6 of the Dungeon)

   Slay:      It affects your accuracy & damage with ranged weapons and melee
   (-3).
   rC:        It renders you almost immune to cold.
   Regen:     It increases your rate of health regeneration.
   Rampage:   It bestows one free step when moving towards enemies.
 n - the +4 acid dragon scales of the Bulwark {Rampage rF++ rCorr Str-4 Int+3}
   (You took it off a minotaur in a Gauntlet)

   Str:       It affects your strength (-4).
   Int:       It affects your intelligence (+3).
   rF:        It greatly protects you from fire.
   rCorr:     It protects you from acid and corrosion.
   Rampage:   It bestows one free step when moving towards enemies.
 o - a +0 helmet (worn)
 q - a +0 pair of gloves (worn)
 C - a +0 troll leather armour
 F - a +2 buckler (worn)
 M - a +0 cloak of stealth (worn)
Magical Staves
 a - a staff of air (weapon)
Jewellery
 c - a ring of willpower
 g - the ring "Gesech" {rC+ rN+ Will- EV+4}
   (You took it off a minotaur in a Gauntlet)

   [ring of evasion]

   EV:        It affects your evasion (+4).
   rC:        It protects you from cold.
   rN:        It protects you from negative energy.
   Will:      It decreases your willpower.
 m - a ring of wizardry (right hand)
 z - a ring of protection from fire
 B - the ring of Risoaq {rF+ Will- rCorr Str+2 Int+2}
   (You found it in a Gauntlet)

   [ring of protection from fire]

   Str:       It affects your strength (+2).
   Int:       It affects your intelligence (+2).
   rF:        It protects you from fire.
   rCorr:     It protects you from acid and corrosion.
   Will:      It decreases your willpower.
 E - the amulet "Poixemm" (around neck) {Reflect Harm Regen+ Dex-3 SH+5 SInv}
   (You found it on level 1 of the Lair of Beasts)

   [amulet of reflection]

   It reflects blocked missile attacks.
   Dex:       It affects your dexterity (-3).
   SInv:      It lets you see invisible.
   Regen:     It increases your rate of health regeneration.
   SH:        It affects your SH (+5).
   Harm:      It increases damage dealt and taken.
 G - a +4 ring of evasion
 X - the ring "Nuto" (left hand) {Will+ MP+9 SInv}
   (You took it off an orc knight in a bailey)

   [ring of magical power]

   MP:        It affects your magic capacity (+9).
   SInv:      It lets you see invisible.
   Will:      It increases your willpower.
Wands
 f - a wand of flame (51)
 w - a wand of paralysis (16)
 I - a wand of acid (27)
 J - a wand of polymorph (9)
 R - a wand of iceblast (14)
 Z - a wand of mindburst (3)
Scrolls
 h - 4 scrolls of blinking
 i - 9 scrolls of vulnerability
 j - a scroll of fear
 k - 6 scrolls of teleportation
 l - a scroll of silence
 u - 2 scrolls of immolation
 y - 3 scrolls of amnesia {unknown}
 A - a scroll of magic mapping
 D - a scroll of fog
 K - 2 scrolls of holy word {unknown}
 Q - a scroll of brand weapon
Potions
 p - a potion of brilliance
 r - 11 potions of attraction
 s - a potion of experience {unknown}
 v - a potion of resistance
 H - a potion of cancellation
 L - 3 potions of might
 N - 2 potions of magic
 S - 4 potions of haste
 T - a potion of mutation
 U - 4 potions of berserk rage
 V - 3 potions of heal wounds
 W - 10 potions of curing
Miscellaneous
 x - a lightning rod (2/4)
 P - a phial of floods (inert)
 Y - a tin of tremorstones (inert)


   Skills:
 - Level 1.5 Dodging
 - Level 1.2 Stealth
 - Level 11.2 Shields
 + Level 10.3 Spellcasting
 * Level 13.0 Conjurations
 - Level 5.0 Hexes
 * Level 13.2 Air Magic
 + Level 12.6 Invocations
 + Level 7.1 Evocations


You had 6 spell levels left.
You knew the following spells:

 Your Spells              Type           Power      Damage    Failure   Level
a - Magic Dart            Conj           100%       1d8       1%          1
d - Lightning Bolt        Conj/Air       42%        1d62      1%          5
f - Searing Ray           Conj           100%       3d7       1%          2
l - Dazzling Flash        Conj/Hex       100%       N/A       1%          3
m - Conjure Ball Lightni  Conj/Air       42%        3x3d15    3%          6
q - Airstrike             Air            42%        N/A       1%          4
r - Fulminant Prism       Conj/Hex       27%        3d14      1%          4
v - Swiftness             Air            85%        N/A       1%          3

Your spell library contained the following spells:

 Spells                   Type           Power      Damage    Failure   Level
 Foxfire                  Conj/Fire      100%       2x1d9     1%          1
 Shock                    Conj/Air       100%       1d9       1%          1
 Conjure Flame            Conj/Fire      43%        6-21      1%          3
 Ensorcelled Hibernation  Hex/Ice        48%        N/A       2%          2
 Iskenderun's Mystic Bla  Conj/Tloc      43%        2d10      3%          4
 Silence                  Hex/Air        35%        N/A       3%          5
 Apportation              Tloc           24%        N/A       4%          1
 Inner Flame              Hex/Fire       24%        N/A       4%          3
 Summon Guardian Golem    Hex/Summ       24%        N/A       4%          3
 Spider Form              Tmut/Pois      6%         N/A       14%         3
 Leda's Liquefaction      Hex/Erth       12%        N/A       16%         4
 Yara's Violent Unravell  Hex/Tmut       12%        3d7       41%         5
 Invisibility             Hex            18%        N/A       63%         6
 Agony                    Necr           12%        N/A       75%         5
 Alistair's Intoxication  Tmut/Pois      8%         N/A       75%         5
 Statue Form              Tmut/Erth      8%         N/A       99%         6
 Chain Lightning          Conj/Air       42%        3d56      100%        9


Dungeon Overview and Level Annotations

Branches:
Dungeon (12/15)            Temple (0/1) D:4            Lair (6/6) D:11
  Swamp (1/4) Lair:2        Snake (1/4) Lair:3        Slime (3/5) Lair:5
    Orc (2/2) D:9             Elf (0/3) Orc:2        Bailey (visited)
Gauntlet (visited)

Altars:
Dithmenos
Hepliaklqana
Nemelex Xobeh
Sif Muna
Vehumet
Xom
The Shining One
Lugonu

Shops:
D:4 *   D:8 :   D:9 (   Orc:2 :?:[

Portals:
Abyss: D:5

Annotations:
D:7 shadowrider38's ghost, novice MiBe
Lair:6 1 runed translucent door, freelancePsychic's ghost, journeyman MfEn


Innate Abilities, Weirdness & Mutations

You are completely covered in rugged brown scales. (AC +3, +7% HP)
You have supernaturally acute eyesight. (SInv)
Armour fits poorly on your strangely shaped body.
You can roll at nearby foes to attack.
You have a long armoured tail.
You curl defensively after being hit.


Message History

Confirm with . or Enter, or press ? or * to list all spells.
Aiming: Airstrike (safe; 1% risk of failure)
Press: ? - help, Dir - move target, f - shock serpent, p - Aizul
Aim: a shock serpent (ally target, haloed)
You feel a surge of power!
The air twists around and strikes the shock serpent!
The shock serpent is moderately wounded.
You feel sick.
Your ball lightning explodes!
The blast of lightning engulfs your ball lightning.
Your ball lightning completely resists.
The blast of lightning engulfs the naga warrior!!
The naga warrior is moderately wounded.
The blast of lightning engulfs your ball lightning.
Your ball lightning completely resists.
Aizul hits you!
* * * LOW HITPOINT WARNING * * *
Your ball lightning explodes!
The blast of lightning engulfs you! You resist.
* * * LOW HITPOINT WARNING * * *
The blast of lightning engulfs your ball lightning.
Your ball lightning completely resists.
The blast of lightning engulfs Aizul!
You kill Aizul!
The blast of lightning engulfs your ball lightning.
Your ball lightning completely resists.
The blast of lightning engulfs the naga warrior!!
The naga warrior is almost dead.
Your ball lightning explodes!
The blast of lightning engulfs your ball lightning.
Your ball lightning completely resists.
The blast of lightning engulfs the naga warrior!!
You kill the naga warrior!
The blast of lightning engulfs you! You resist.
* * * LOW HITPOINT WARNING * * *
Your ball lightning explodes!
The blast of lightning engulfs the black mamba!!
The black mamba is almost dead.
The blast of lightning engulfs you. You resist.
You die...

## ## ≈≈ ##
... #≈ ..
....##≈ .#
#.NS)≈≈ ##..#
....).[#...#
#.S....@†#
......[.....#
.#.....(....#
##....)....#
#..).>......
#.).......##.
#.........#
...........


You could see a salamander, a shock serpent and a black mamba.

Vanquished Creatures
  Aizul (Snake:1)
  A quicksilver ooze (Slime:2)
  2 bunyips (Swamp:1)
  7 hydras
  2 boulder beetles
  A ghost crab (Swamp:1)
  3 naga warriors (Snake:1)
  An ogre mage (D:11)
  4 catoblepae
  3 anacondas (Snake:1)
  4 two-headed ogres
  5 death yaks (Lair:6)
  2 orc high priests (Orc:2)
  2 naga sharpshooters (Snake:1)
  The ghost of Miuzocaf the Thaumaturge, a novice OpIE of Kikubaaqudgha (D:10)
  3 goliath frogs (Swamp:1)
  3 bog bodies
  6 orc sorcerers
  4 orc knights
  3 oklob plants (Lair:5)
  A mana viper (Snake:1)
  2 manticores (Lair:6)
  A will-o-the-wisp (Swamp:1)
  16 elephants
  2 centaur zombies
  5 black mambas
  A naga mage (Snake:1)
  Joseph (D:9)
  A guardian serpent (Snake:1)
  A torpor snail (Lair:6)
  9 cane toads
  9 komodo dragons
  A hellion (Gauntlet)
  3 rime drakes
  3 unseen horrors
  An ice devil (Gauntlet)
  A freezing wraith (D:9)
  5 bloated husks (Swamp:1)
  A hornet (Swamp:1)
  A polar bear (Lair:5)
  3 tyrant leeches (Swamp:1)
  5 dream sheep
  17 blink frogs
  3 slime creatures (Slime:2)
  2 wraiths
  A shadow (D:11)
  2 spriggans
  A steam dragon (D:10)
  6 golden eyes
  4 wyverns
  61 yaks
  6 basilisks
  4 wargs
  5 nagas (Snake:1)
  4 swamp worms
  An acid dragon (D:10)
  14 water moccasins
  A swamp drake (Swamp:1)
  30 orc warriors
  3 black bears
  2 sky beasts (D:7)
  6 ogres
  5 necrophages
  14 wolves
  4 centaurs
  4 phantoms
  3 kobold brigands
  10 bullfrogs
  A water moccasin zombie (D:6)
  A scorpion (D:6)
  2 wyvern zombies (D:7)
  A wyvern skeleton (D:7)
  6 killer bees (D:10)
  An electric eel (Lair:2)
  7 wights
  2 howler monkeys
  4 hounds
  2 centaur skeletons
  5 jellies
  13 orc priests
  A bullfrog skeleton (D:5)
  3 iguanas
  23 orc wizards
  7 ogre zombies (D:9)
  A hound skeleton (D:4)
  A howler monkey zombie (D:5)
  13 gnolls
  8 adders
  A shadow imp (D:5)
  3 white imps
  An adder zombie (D:5)
  A worm (D:5)
  3 dart slugs
  72 orcs
  11 endoplasms
  2 giant cockroaches
  33 goblins
  14 hobgoblins (Bailey)
  5 jackals
  14 kobolds
  3 quokkas
  5 ball pythons
  3 bats
  2 frilled lizards
  A goblin skeleton (D:9)
  2 goblin zombies (D:9)
  A hobgoblin skeleton (D:9)
  3 hobgoblin zombies (D:9)
  An orc skeleton (D:9)
  13 orc zombies (D:9)
  6 rats
646 creatures vanquished.

Vanquished Creatures (collateral kills)
  A minotaur (Gauntlet)
  An orc high priest (Orc:2)
  A sixfirhy (Gauntlet)
  2 orc knights
  An orc sorcerer (Orc:2)
  A wind drake (Orc:2)
  A hell hound (Gauntlet)
  4 orc warriors
  3 orc wizards
  2 ufetubi (Gauntlet)
  3 orcs (Orc:1)
  2 hobgoblins (Bailey)
  8 ball lightnings
30 creatures vanquished.

Vanquished Creatures (others)
  A bog body (Swamp:1)
  An orc warrior (Orc:1)
  A kobold (D:8)
  An orc zombie (D:9)
  192 ball lightnings
  3 bushes (D:11)
  2 foxfires (Swamp:1)
  26 fulminant prisms
  37 fungi
  93 plants
357 creatures vanquished.

Grand Total: 1033 creatures vanquished

Notes
Turn   | Place    | Note
-------+----------+-------------------------------------------
     0 | D:1      | Spectrina the Palentonga Conjurer began the quest for the
                  | Orb.
     0 | D:1      | Reached XP level 1. HP: 13/13 MP: 3/3
   194 | D:2      | Reached XP level 2. HP: 16/20 MP: 0/5
   312 | D:2      | Learned a level 2 spell: Searing Ray
   321 | D:2      | Reached XP level 3. HP: 10/25 MP: 3/6
   797 | D:3      | Found a glowing golden altar of the Shining One.
   803 | D:3      | Became a worshipper of the Shining One
   869 | D:3      | Reached skill level 5 in Conjurations
  1055 | D:5      | Entered Level 5 of the Dungeon
  1060 | D:5      | Reached XP level 4. HP: 32/32 MP: 1/7
  1087 | D:4      | Reached skill level 1 in Invocations
  1094 | D:4      | Found Oriesusa's General Store.
  1106 | D:4      | Bought a scroll of fear for 38 gold pieces
  1106 | D:4      | Bought a scroll of teleportation for 33 gold pieces
  1166 | D:4      | Found a hazy altar of Hepliaklqana.
  1207 | D:4      | Reached XP level 5. HP: 18/37 MP: 5/8
  1214 | D:4      | Found a sparkling altar of Nemelex Xobeh.
  1222 | D:4      | Found a radiant altar of Vehumet.
  1228 | D:4      | Found a shadowy altar of Dithmenos.
  1323 | D:4      | Reached * piety under the Shining One
  1421 | D:4      | Found a staircase to the Ecumenical Temple.
  1719 | D:6      | Noticed an ogre
  1726 | D:6      | Killed an ogre
  1727 | D:6      | Reached XP level 6. HP: 43/43 MP: 5/9
  1746 | D:6      | Learned a level 3 spell: Swiftness
  1847 | D:5      | Gained mutation: You curl defensively after being hit.
                  | [Palentonga growth]
  1847 | D:5      | Reached XP level 7. HP: 49/49 MP: 5/10
  1948 | D:5      | Reached skill level 1 in Air Magic
  2034 | D:5      | Reached skill level 5 in Invocations
  2120 | D:5      | Reached ** piety under the Shining One
  2173 | D:5      | Found a one-way gate to the infinite horrors of the Abyss.
  2227 | D:4      | Reached XP level 8. HP: 55/55 MP: 0/12
  2281 | D:5      | Found a large runed translucent door.
  2281 | D:5      | Found a large runed translucent door.
  2282 | D:5      | Found a corrupted altar of Lugonu.
  2503 | D:5      | Learned a level 3 spell: Dazzling Flash
  2508 | D:5      | Learned a level 4 spell: Fulminant Prism
  2595 | D:7      | Noticed a troll
  2651 | D:7      | Reached skill level 1 in Hexes
  2660 | D:7      | Found a large runed translucent door.
  2660 | D:7      | Found a large runed translucent door.
  2664 | D:7      | Noticed shadowrider38's ghost (novice MiBe)
  2730 | D:6      | Identified the +1 ring mail of True Grit {Rampage rC+++
                  | Regen+ Slay-3}
  3027 | D:6      | Reached skill level 1 in Shields
  3036 | D:6      | Reached XP level 9. HP: 40/60 MP: 2/15
  3076 | D:6      | Learned a level 4 spell: Airstrike
  3076 | D:6      | Upgraded the game from 0.27.0 to 0.27.0-1-g7a089689b8
  3168 | D:6      | Reached skill level 5 in Air Magic
  3311 | D:7      | Reached *** piety under the Shining One
  3393 | D:7      | Reached skill level 5 in Spellcasting
  3843 | D:8      | Reached XP level 10. HP: 64/67 MP: 2/18
  3959 | D:9      | Noticed Erolcha
  4005 | D:8      | Found Ytocluema's Self-Improvement Boutique.
  4217 | D:9      | Got the Reference Book on Lightness
  4241 | D:9      | Reached **** piety under the Shining One
  4421 | D:10     | Entered Level 10 of the Dungeon
  4512 | D:12     | Reached skill level 5 in Shields
  4518 | D:12     | Noticed a boulder beetle
  4531 | D:12     | Banished a boulder beetle
  4532 | D:12     | Reached skill level 5 in Hexes
  4676 | D:11     | Found a staircase to the Lair.
  4686 | D:11     | Reached XP level 11. HP: 60/72 MP: 0/20
  4726 | D:11     | Noticed a two-headed ogre
  4726 | D:11     | Noticed an ogre mage
  4726 | D:11     | Noticed a two-headed ogre
  4801 | D:10     | Noticed a two-headed ogre
  4838 | D:9      | Found Tocrusae's Weapon Emporium.
  4889 | D:9      | Reached ***** piety under the Shining One
  4912 | D:9      | Noticed Joseph
  4922 | D:9      | Killed Joseph
  5080 | D:9      | Found a staircase to the Orcish Mines.
  5108 | D:9      | Noticed Erolcha
  5108 | D:9      | Erolcha changed into Erolcha the spriggan
  5111 | D:9      | Killed Erolcha the spriggan
  5134 | Orc:1    | Entered Level 1 of the Orcish Mines
  5136 | Orc:1    | Noticed an orc sorcerer
  5156 | Orc:1    | Killed an orc sorcerer
  5197 | Orc:1    | Found a shimmering blue altar of Sif Muna.
  5206 | Orc:1    | Found a flagged portal.
  5228 | Orc:1    | Noticed an orc sorcerer
  5233 | Bailey   | Entered a bailey
  5418 | Bailey   | Noticed an orc knight
  5480 | Bailey   | Learned a level 5 spell: Lightning Bolt
  5511 | Bailey   | Banished an orc knight
  5585 | Bailey   | Identified the ring "Nuto" {Will+ MP+9 SInv}
  5585 | Bailey   | Noticed an orc knight
  5614 | Bailey   | Noticed an orc warlord
  5616 | Bailey   | Killed an orc knight
  5803 | Bailey   | Noticed an orc knight
  5813 | Bailey   | Killed an orc knight
  5903 | Orc:1    | Noticed a sixfirhy
  5908 | Orc:1    | Killed an orc sorcerer
  6009 | Orc:1    | Acquired 763 gold pieces
  6111 | Orc:2    | Entered Level 2 of the Orcish Mines
  6220 | Orc:2    | Noticed an orc sorcerer
  6232 | Orc:2    | Killed an orc sorcerer
  6268 | Orc:2    | Noticed an orc sorcerer
  6292 | Orc:2    | Killed an orc sorcerer
  6357 | Orc:2    | Found a staircase to the Elven Halls.
  6399 | Orc:2    | Reached XP level 12. HP: 79/79 MP: 23/23
  6407 | Orc:2    | Reached skill level 1 in Evocations
  6617 | Orc:2    | Noticed an orc high priest
  6621 | Orc:2    | Killed an orc high priest
  6622 | Orc:2    | Reached skill level 10 in Invocations
  6633 | Orc:2    | Noticed an orc high priest
  6633 | Orc:2    | Noticed an orc high priest
  6636 | Orc:2    | Killed an orc high priest
  6636 | Orc:2    | Killed an orc high priest
  6648 | Orc:2    | Found Locrac's Antique Armour Shoppe.
  6648 | Orc:2    | Found Xietovab's Book Shop.
  6653 | Orc:2    | Found Ydahim's Book Shoppe.
  6653 | Orc:2    | Found Gasoor's Magic Scroll Shop.
  6662 | Orc:2    | Acquired the +9 staff of Wucad Mu {*channel}
  6663 | Orc:2    | Found the +9 staff of Wucad Mu {*channel}
  6738 | Orc:2    | Bought a scroll of acquirement for 728 gold pieces
  6738 | Orc:2    | Acquired 496 gold pieces
  6909 | D:8      | Bought a manual of Air Magic for 1280 gold pieces
  7067 | D:10     | Found a large runed translucent door.
  7067 | D:10     | Found a large runed translucent door.
  7067 | D:10     | Noticed Miuzocaf's ghost (novice OpIE)
  7077 | D:10     | Killed Miuzocaf's ghost
  7119 | D:10     | Killed a two-headed ogre
  7280 | Lair:1   | Entered Level 1 of the Lair of Beasts
  7314 | Lair:1   | Noticed a four-headed hydra
  7327 | Lair:1   | Killed a four-headed hydra
  7434 | Lair:1   | Noticed an eight-headed hydra
  7479 | Lair:1   | Found a gate leading to a gauntlet.
  7501 | Gauntlet | Entered a Gauntlet
  7501 | Gauntlet | Found a transporter.
  7501 | Gauntlet | Found a transporter.
  7506 | Gauntlet | Found a transporter.
  7521 | Gauntlet | Found a transporter.
  7536 | Gauntlet | Found a transporter.
  7549 | Gauntlet | Found a transporter.
  7565 | Gauntlet | Found a transporter.
  7639 | Gauntlet | Found a transporter.
  7641 | Gauntlet | Reached ****** piety under the Shining One
  7648 | Gauntlet | Found a transporter.
  7650 | Gauntlet | Found a transporter.
  7650 | Gauntlet | Found a transporter.
  7662 | Gauntlet | Found a transporter.
  7694 | Gauntlet | Found a transporter.
  7696 | Gauntlet | Found a large runed translucent door.
  7730 | Gauntlet | Found a transporter.
  7745 | Gauntlet | Found a transporter.
  7747 | Gauntlet | Found a large runed translucent door.
  7747 | Gauntlet | Found a large runed translucent door.
  7748 | Gauntlet | Found a large runed translucent door.
  7748 | Gauntlet | Found a large runed translucent door.
  7749 | Gauntlet | Found a runed translucent door.
  7749 | Gauntlet | Found a large runed translucent door.
  7749 | Gauntlet | Found a large runed translucent door.
  7749 | Gauntlet | Found a runed translucent door.
  7749 | Gauntlet | Found a large runed translucent door.
  7749 | Gauntlet | Found a large runed translucent door.
  7750 | Gauntlet | Found a large runed translucent door.
  7750 | Gauntlet | Found a large runed translucent door.
  7753 | Gauntlet | Found a large runed translucent door.
  7753 | Gauntlet | Found a large runed translucent door.
  7754 | Gauntlet | Found a large runed translucent door.
  7754 | Gauntlet | Found a large runed translucent door.
  7754 | Gauntlet | Found a large runed translucent door.
  7757 | Gauntlet | Found a runed translucent gate.
  7757 | Gauntlet | Found a runed translucent gate.
  7757 | Gauntlet | Found a runed translucent gate.
  7759 | Gauntlet | Found a transporter.
  7940 | Gauntlet | Identified the ring of Risoaq {rF+ Will- rCorr Str+2 Int+2}
  7958 | Gauntlet | Identified the +4 acid dragon scales of the Bulwark
                  | {Rampage rF++ rCorr Str-4 Int+3}
  7958 | Gauntlet | Identified the ring "Gesech" {rC+ rN+ Will- EV+4}
  7958 | Gauntlet | Noticed a minotaur
  7967 | Gauntlet | Killed a minotaur
  8014 | Gauntlet | Got the Disquisition on the Enchanting Mountains
  8033 | Gauntlet | Learned a level 6 spell: Conjure Ball Lightning
  8088 | Lair:1   | Identified the amulet "Poixemm" {Reflect Harm Regen+ Dex-3
                  | SH+5 SInv}
  8126 | Lair:2   | Reached XP level 13. HP: 84/84 MP: 25/25
  8278 | Lair:2   | Reached skill level 10 in Shields
  8471 | Lair:2   | Identified a +3 trishula of holy wrath (a +1 vampiric demon
                  | trident blessed by the Shining One)
  8471 | Lair:2   | Received a gift from the Shining One
  8639 | Lair:3   | Reached skill level 10 in Conjurations
  9231 | Lair:5   | Found a staircase to the Slime Pits.
  9276 | Lair:6   | Entered Level 6 of the Lair of Beasts
  9315 | Lair:5   | Reached skill level 10 in Air Magic
  9620 | Lair:5   | Got the Volume of Intoxication and Curses
  9739 | Lair:5   | Reached skill level 5 in Evocations
  9948 | Lair:6   | HP: 4/84 [spore (8)]
 10243 | Lair:6   | Reached XP level 14. HP: 48/90 MP: 2/27
 10859 | Lair:6   | Found a runed translucent door.
 10864 | Lair:6   | Noticed freelancePsychic's ghost (journeyman MfEn)
 11305 | Slime:1  | Entered Level 1 of the Pits of Slime
 11592 | Slime:2  | Noticed a quicksilver ooze
 11595 | Slime:2  | Killed a quicksilver ooze
 11626 | Slime:3  | Noticed a quicksilver ooze
 11626 | Slime:3  | Noticed an acid blob
 11734 | Lair:3   | Found a staircase to the Snake Pit.
 11785 | Snake:1  | Entered Level 1 of the Snake Pit
 11790 | Snake:1  | Reached skill level 10 in Spellcasting
 11790 | Snake:1  | HP: 4/90 [spore (8)]
 11951 | D:8      | Bought a manual of Conjurations for 1280 gold pieces
 12131 | D:11     | Found a shimmering altar of Xom.
 12134 | D:11     | Found a shimmering altar of Xom.
 12135 | D:11     | Found a shimmering altar of Xom.
 12135 | D:11     | Found a shimmering altar of Xom.
 12135 | D:11     | Found a shimmering altar of Xom.
 12135 | D:11     | Found a shimmering altar of Xom.
 12135 | D:11     | Found a shimmering altar of Xom.
 12135 | D:11     | Found a shimmering altar of Xom.
 12277 | D:11     | Reached XP level 15. HP: 51/96 MP: 13/29
 12329 | Lair:2   | Found a staircase to the Swamp.
 12342 | Lair:2   | HP: 1/96 [cloud of flame (21)]
 12386 | Swamp:1  | Entered Level 1 of the Swamp
 12778 | Snake:1  | Noticed Aizul
 12782 | Snake:1  | Killed Aizul
 12782 | Snake:1  | Killed by an exploding ball lightning

Illustrated notes

Levels and vault maps discovered:
D:1:      dpeg_arrival_water_altar, layout_rooms,
          ebering_ecumenical_altar_abandoned, hangedman_decor_clover_reticule
D:2:      layout_basic, serial_park_tiny_pond, minmay_tall_x
D:3:      layout_loops_corners, kennysheep_flooded_box
D:4:      layout_basic, worldfamousw_hep_ancestral_shrine, minitemple,
          minmay_temple_entry_antechambers, serial_shops,
          nicolae_shop_waterfront, minmay_misc_feat_rows
D:5:      due_chaos_kobolds, layout_cave_pods, minmay_checkerbox
D:6:      layout_rooms, minmay_manual_mess
D:7:      layout_cave_pods, ebering_ghost_disaster_area, minmay_quadrilaterals
D:8:      layout_basic, nicolae_shop_self_help
D:9:      layout_rooms, zombieorc2_lemuel, serial_shops,
          nicolae_shop_temple_entry_statues_fountains, uniq_erolcha, uniq_joseph
D:10:     minmay_general_purpose_star, layout_rooms,
          ebering_ghost_disaster_area, grunt_ministairs_11
D:11:     layout_roguey, minmay_lair_entry_grove, xom_shifter_show
D:12:     layout_loops_ring, serial_undead, serial_undead_c, serial_undead_b,
          serial_undead_e, serial_undead_f
Lair:1:   layout_misc_corridors, gauntlet_entry_generic
Lair:2:   layout_regular_city, nicolae_swamp_entry_splash_gauntlet,
          patterned_corridor, grunt_megastairs_5
Lair:3:   layout_misc_corridors, dummy_snake_entry, nzn_sisyphean_effort
Lair:4:   layout_long_grid, grunt_megastairs_3
Lair:5:   layout_regular_city, nicolae_slime_entry_slimehenge, minivault_26,
          minmay_lair_oklob_chamber, serial_bayou_shore_b
Lair:6:   evilmike_catoblepas_cave, layout_long_grid,
          ebering_ghost_reflecting_pool, serial_bayou_shore_a
Swamp:1:  layout_basic_swamp, evilmike_swamp_ruin_house_2, swamp_pool4,
          wheals_swamp_sinkhole, roderic_carrion_pond
Snake:1:  layout_rooms, nicolae_shop_firing_range, uniq_aizul
Slime:1:  layout_caves
Slime:2:  layout_caves
Slime:3:  layout_caves
Orc:1:    layout_diamond_mine, enter_bailey_3, nicolae_orc_damp_corner,
          led_sif_book
Orc:2:    grunt_orc_tribal_feast, layout_diamond_mine

Skill      XL: |  1  2  3  4  5  6  7  8  9 10 11 12 13 14 15 |
---------------+----------------------------------------------+-----
Conjurations   | 4 5 6 7 9 10 12 13 | 13.0
Invocations    | 2 3 4 5 6 7 8 9 10 11 12 | 12.6
Air Magic      | 2 4 6 7 9 11 12 13 | 13.2
Spellcasting   | 3 4 5 6 7 8 9 10 | 10.3
Hexes          | 2 4 5 |  5.0
Shields        | 1 4 6 8 9 10 11 | 11.2
Evocations     | 4 5 6 7 |  7.1
Dodging        | |  1.5
Stealth        | |  1.2

Action                   |  1- 3 |  4- 6 |  7- 9 | 10-12 | 13-15 || total
-------------------------+-------+-------+-------+-------+-------++-------
Melee: Dagger            |    52 |    43 |       |       |       ||    95
       Tailslap          |     5 |     3 |     4 |    35 |     6 ||    53
       Unarmed           |     1 |       |       |       |       ||     1
       Quarterstaff      |       |     6 |     6 |       |       ||    12
       Rapier            |       |       |    63 |   481 |     1 ||   545
       Staff             |       |       |       |       |    46 ||    46
       Trishula          |       |       |       |       |    95 ||    95
 Fire: Hunting sling     |       |    23 |     1 |       |       ||    24
       Shortbow          |       |       |    20 |       |       ||    20
Throw: Dart              |       |       |       |     7 |       ||     7
 Cast: Magic Dart        |    47 |    16 |    17 |    12 |     1 ||    93
       Searing Ray       |     3 |    12 |    47 |    52 |     2 ||   116
       Fulminant Prism   |       |       |     1 |    23 |     2 ||    26
       Airstrike         |       |       |     5 |    31 |    94 ||   130
       Swiftness         |       |       |     1 |     3 |       ||     4
       Dazzling Flash    |       |       |       |     2 |       ||     2
       Lightning Bolt    |       |       |       |     6 |    35 ||    41
       Conjure Ball Ligh |       |       |       |       |    76 ||    76
Invok: Divine Shield     |       |       |       |     4 |       ||     4
       Cleansing Flame   |       |       |       |     2 |       ||     2
       Summon Divine War |       |       |       |     3 |       ||     3
       Brand Weapon With |       |       |       |       |     1 ||     1
 Abil: Rolling Charge    |       |       |     3 |    20 |     2 ||    25
Evoke: Wand              |       |       |       |    34 |    34 ||    68
       Lightning rod     |       |       |       |     6 |     8 ||    14
       Tin of tremorston |       |       |       |       |     4 ||     4
       Phial of floods   |       |       |       |       |     3 ||     3
  Use: Potion            |     2 |     2 |     1 |     2 |     2 ||     9
       Scroll            |       |       |     9 |    12 |    11 ||    32
 Stab: Sleeping          |     3 |       |       |       |       ||     3
Armor: Robe              |    31 |    21 |    18 |       |       ||    70
       Ring mail         |       |       |    25 |   211 |    36 ||   272
Dodge: Dodged            |    20 |    34 |    36 |   203 |    45 ||   338
Block: Buckler           |       |       |    16 |   276 |   108 ||   400
       Reflection        |       |       |       |       |     2 ||     2
